 Dungeon Crawl Stone Soup version 0.19-a0-934-gf1df8d1 (webtiles) character file.

373 Leszczynek the Skirmisher (level 6, -7/56 HPs)
             Began as a Draconian Summoner on July 7, 2016.
             Was an Initiate of Pakellas.
             Mangled by Menkaure (19 damage)
             ... on level 4 of the Dungeon.
             The game lasted 00:10:13 (3724 turns).

Leszczynek the Skirmisher (Draconian Summoner)      Turns: 3724, Time: 00:10:14

Health: -7/56      AC:  7    Str: 11    XL:     6   Next: 43%
Magic:  9/9        EV: 13    Int: 15    God:    Pakellas [......]
Gold:   180        SH:  0    Dex: 13    Spells: 2 memorised, 6 levels left

rFire  . . .     SeeInvis .     l - +1 dagger (venom)
rCold  . . .     Gourm    .     (armour unavailable)
rNeg   . . .     Faith    .     (no shield)
rPois  .         Spirit   .     (helmet restricted)
rElec  .         Dismiss  .     (no cloak)
rCorr  .         Reflect  .     (no gloves)
SustAt .         Harm     .     m - +0 pair of boots
MR     .....                    (no amulet)
Stlth  ++........               (no ring)
                                (no ring)

@: not resistant to hostile enchantments, unstealthy
A: unfitting armour, cold-blooded, AC +6
a: Renounce Religion


You were on level 4 of the Dungeon.
You worshipped Pakellas.
Pakellas was noncommittal.
You were not hungry.

You visited 1 branch of the dungeon, and saw 4 of its levels.

You collected 180 gold pieces.

Inventory:

Hand Weapons
 k - a +0 short sword
 l - a +1 dagger of venom (weapon)
Missiles
 q - 4 tomahawks (quivered)
Armour
 m - a +0 pair of boots (worn)
 t - a +0 large shield
Jewellery
 d - an uncursed ring of protection from magic {unknown}
Wands
 c - a wand of confusion (15/48)
 f - a wand of disintegration (0/24)
Scrolls
 g - 2 scrolls of magic mapping {unknown}
 h - a scroll of fog {unknown}
 o - a scroll of noise {unknown}
 v - a scroll of teleportation
Potions
 e - 3 potions of curing
 i - 2 potions of agility
 p - 2 potions of lignification {unknown}
 r - 2 potions of flight {unknown}
Books
 a - a book of Callings

   Spells                             Type                      Level
   a - Summon Small Mammal            Summoning                    1
   b - Call Imp                       Summoning                    2
   c - Call Canine Familiar           Summoning                    3
   d - Summon Guardian Golem          Hexes/Summoning              3
   e - Summon Lightning Spire         Summoning/Air                4
   f - Summon Ice Beast               Ice/Summoning                4
Comestibles
 b - 3 bread rations
 j - a beef jerky
 n - a meat ration
 s - a fruit
 u - a chunk of flesh


   Skills:
 - Level 5.5 Fighting
 + Level 3.6 Dodging
 - Level 1.7 Stealth
 - Level 2.0 Spellcasting
 - Level 4.0 Summonings
 * Level 1.6 Evocations


You had 6 spell levels left.
You knew the following spells:

 Your Spells              Type           Power        Failure   Level  Hunger
a - Summon Small Mammal   Summ           ##..         4%          1    #......
b - Call Imp              Summ           ##......     8%          2    ###....


Dungeon Overview and Level Annotations

Branches:
Dungeon (4/15)
 Temple: D:4-7

Altars:
Pakellas

Shops:
D:4 [

Annotations:
D:4 Menkaure; tstbtto's ghost, novice HEFi


Innate Abilities, Weirdness & Mutations

Your plain brown scales are hard. (AC +6)
Your body does not fit into most forms of armour.
You are cold-blooded and may be slowed by cold attacks.


Message History

Aim: Menkaure (severely damaged, chance to defeat MR: 50%) Menkaure resists with some effort.
This wand has 16 charges left.
Menkaure mumbles some strange words.
Menkaure seems to speed up.
You hit Menkaure but do no damage.
Menkaure is severely damaged.
Menkaure hits you!
* * * LOW HITPOINT WARNING * * *
Unknown command.
Evoke which item? (* to show all) (? for menu, Esc to quit)
Zapping:
c - a wand of confusion (16/48)
Press: ? - help, Shift-Dir - straight line, f/p - Menkaure
Aim: Menkaure (severely damaged, fast, chance to defeat MR: 50%) Menkaure resists with some effort.
This wand has 15 charges left.
Menkaure hits you!
* * * LOW HITPOINT WARNING * * *
Unknown command.
You feel better. Menkaure hits you!!
You die...
Pakellas says: That's one more possible approach eliminated.

.##
#.##..#.)........#.#
... #..#..........#.#
.... #.............#(#
####..#.#.............#
##.#.#.>.########.##
......# #.# #.
##.#....#######.# ##.
#.#M##.......#.### ##..
##.@.###.####....[# ...
###..### #.# #.....# ..
#....# #..# #.....# #.
####.##.# #..##.....#
#.##....##.# #..⌠.⌠...#
#....#####.####
##..∩....#
#..#..........#
#.⌠.⌠####
##.#.......<..# ###..#
.W#..........# ##.#


You could see Menkaure.

Vanquished Creatures
  An ogre (D:4)
  A centaur (D:3)
  An orc priest (D:3)
  Ijyb (D:3)
  An orc wizard (D:3)
  5 adders
  3 worms
  A dart slug (D:2)
  A giant gecko (D:4)
  6 orcs (D:3)
  2 ball pythons (D:2)
  A giant cockroach (D:3)
  4 goblins
  3 hobgoblins
  3 jackals
  2 quokkas
  5 bats
  A giant newt (D:2)
  7 kobolds
  6 rats
55 creatures vanquished.

Vanquished Creatures (collateral kills)
  3 adders (D:2)
  A worm (D:2)
  2 bats (D:1)
  3 hobgoblins (D:2)
  A jackal (D:1)
  A goblin (D:1)
  2 kobolds (D:1)
13 creatures vanquished.

Grand Total: 68 creatures vanquished

Notes
Turn   | Place    | Note
-------+----------+-------------------------------------------
     0 | D:1      | Leszczynek the Draconian Summoner began the quest for the Orb.
     0 | D:1      | Reached XP level 1. HP: 14/14 MP: 3/3
   216 | D:2      | Reached skill level 1 in Fighting
   448 | D:1      | Reached XP level 2. HP: 22/24 MP: 5/5
   455 | D:1      | Learned a level 2 spell: Call Imp
   580 | D:1      | Reached skill level 2 in Fighting
  1248 | D:2      | Reached XP level 3. HP: 26/30 MP: 3/6
  1249 | D:2      | Reached skill level 3 in Fighting
  1380 | D:2      | Reached skill level 2 in Dodging
  2033 | D:2      | Reached XP level 4. HP: 36/38 MP: 4/7
  2383 | D:3      | Noticed Ijyb
  2401 | D:3      | Killed Ijyb
  2401 | D:3      | Reached skill level 4 in Fighting
  2705 | D:3      | Reached XP level 5. HP: 19/47 MP: 8/8
  2966 | D:3      | Reached skill level 3 in Dodging
  3059 | D:3      | Reached skill level 5 in Fighting
  3281 | D:3      | Found an oddly glowing altar of Pakellas.
  3305 | D:3      | Noticed a centaur
  3330 | D:3      | Killed a centaur
  3330 | D:3      | Reached XP level 6. HP: 24/56 MP: 9/9
  3498 | D:3      | Became a worshipper of Pakellas the Inventive
  3562 | D:4      | Noticed tstbtto's ghost (novice HEFi)
  3635 | D:4      | Reached skill level 1 in Evocations
  3656 | D:4      | Found Tuyly's Armour Emporium.
  3697 | D:4      | Noticed Menkaure
  3723 | D:4      | HP: 5/56 [Menkaure (9)]
  3724 | D:4      | Mangled by Menkaure

Vault maps used:
D:1:      minmay_arrival_four_circles
D:3:      johnstein_pakellas_dig, uniq_iyjb
D:4:      grunt_temple_overflow_cloverleaf, serial_shops, shop_fountains,
          first_bread, nemelex_xobeh_ov_fountains_minmay, uniq_menkaure

Skill      XL: |  1  2  3  4  5  6 |
---------------+-------------------+-----
Fighting       | 1 2 3 4 5 |  5.5
Dodging        | 2 3 |  3.6
Evocations     | 1 |  1.6
Stealth        | |  1.7
Spellcasting   | |  2.0
Summonings     | |  4.0

Action                   |  1- 3 |  4- 6 || total
-------------------------+-------+-------++-------
Melee: Dagger            |    23 |   154 ||   177
       Short sword       |    90 |       ||    90
       Tailslap          |     5 |    18 ||    23
 Cast: Summon Small Mamm |    13 |       ||    13
       Call Imp          |     8 |     4 ||    12
Evoke: Wand              |       |     7 ||     7
  Use: Scroll            |       |     7 ||     7
       Potion            |       |     3 ||     3
 Stab: Distracted        |     2 |       ||     2
       Sleeping          |     1 |       ||     1
  Eat: Chunk             |     4 |     6 ||    10
Armor: Skin              |    51 |    33 ||    84
Dodge: Dodged            |   102 |    61 ||   163
